 Dungeon Crawl Stone Soup version 0.27.0-1-g7a089689b8 (webtiles) character file.

Game seed: 3841423969344010609

132 seveneves the Covered (level 4, -3/41 HPs)
             Began as a Minotaur Fighter on Aug 6, 2021.
             Was a Follower of Wu Jian.
             Killed by nerve-wracking pain
             ... invoked by Grinder
              (14 damage)
             ... on level 3 of the Dungeon.
             The game lasted 00:04:46 (1345 turns).

seveneves the Covered (Minotaur Fighter)            Turns: 1345, Time: 00:04:46

Health: -3/41      AC:  7    Str: 22    XL:     4   Next: 92%
Magic:  3/3        EV:  8    Int:  5    God:    Wu Jian [*.....]
Gold:   86         SH:  9    Dex:  9    Spells: 3/3 levels left

rFire    . . .     SeeInvis .   k - +0 spear (vamp)
rCold    . . .     Faith    +   c - +0 kite shield
rNeg     . . .     Spirit   .   b - +0 scale mail
rPois    .         Reflect  .   (helmet restricted)
rElec    .         Harm     .   (no cloak)
rCorr    .         Rampage  .   (no gloves)
Will     .....                  (no boots)
Stlth    ..........             d - amulet of faith
HPRegen  0.13/turn              (no ring)
MPRegen  0.08/turn              (no ring)

@: no status effects
A: horns 2, retaliatory headbutt
a: Renounce Religion


You were on level 3 of the Dungeon.
You worshipped Wu Jian.
Wu Jian was aware of your devotion.
You visited 1 branch of the dungeon, and saw 3 of its levels.

You collected 86 gold pieces.

Inventory:

Hand Weapons
 k - a +0 vampiric spear (weapon)
Armour
 b - a +0 scale mail (worn)
 c - a +0 kite shield (worn)
Jewellery
 a - an amulet of magic regeneration
 d - an amulet of faith (around neck)
 i - an amulet of reflection
Scrolls
 f - a scroll of amnesia {unknown}
 j - a scroll of teleportation
 m - a scroll of enchant weapon {unknown}
Potions
 e - a potion of attraction {unknown}
 g - a potion of heal wounds {unknown}
 h - a potion of brilliance {unknown}
 l - a potion of flight {unknown}


   Skills:
 + Level 4.4 Fighting
 + Level 2.6 Long Blades
 + Level 2.0 Polearms
 + Level 4.8 Armour
 + Level 1.4 Dodging
 + Level 4.4 Shields


You had 3 spell levels left.
You didn't know any spells.
Your spell library contained the following spells:

 Spells                   Type           Power      Damage    Failure   Level
 Blink                    Tloc           N/A        N/A       100%        2
 Lesser Beckoning         Tloc           0%         N/A       100%        3
 Manifold Assault         Tloc           0%         N/A       100%        5


Dungeon Overview and Level Annotations

Branches:
Dungeon (3/15)

Altars:
Wu Jian

Annotations:
D:3 Grinder


Innate Abilities, Weirdness & Mutations

You have a pair of horns on your head.
You reflexively headbutt those who attack you in melee.


Message History

The bat hits you but does no damage. The bat closely misses you.
You barely miss the bat. You block the bat's attack. The bat hits you.
You hit the bat.
You feel better.
You kill the bat!
The Council accepts your kill.
No target in view!
You see here a bat corpse.
Found a spear.
Found a stone staircase leading up.
Grinder comes into view.
Grinder shouts!
An endoplasm comes into view.
Grinder gestures at you.
You suddenly lose the ability to move!
Grinder gestures at you. Pain shoots through your body!
Grinder gestures at you.
You barely resist. Grinder gestures at you. Pain shoots through your body!
You can move again.
You lunge at Grinder.
You barely miss Grinder. Grinder hits you.
You closely miss Grinder. Your headbutt misses Grinder.
Grinder gestures at you. Pain shoots through your body!
The endoplasm freezes you.
You are frozen.
Grinder gestures at you. You resist with significant effort.
You hit Grinder. You headbutt Grinder.
Grinder is lightly wounded.
The endoplasm freezes you.
You are frozen.
Grinder hits you.
* * * LOW HITPOINT WARNING * * *
You hit Grinder. You headbutt Grinder.
Grinder is moderately wounded.
You block the endoplasm's attack. Grinder gestures at you.
Pain shoots through your body!
You die...

######### ###...
...#
.J.<..###.#####
#.........#
#.J##)###.###
#.@##.###...##
#....5...##.....#
#.##.#.####.....#
.. .###. #.....#
.# ## ## ##...##
##.## .#. #.#
#... #.# #.. #.#


You could see Grinder and an endoplasm.

Vanquished Creatures
  Terence (D:3)
  Robin (D:3)
  An adder (D:2)
  A worm (D:2)
  A dart slug (D:3)
  An orc (D:3)
  7 ball pythons
  4 endoplasms
  2 giant cockroaches (D:1)
  12 goblins
  9 hobgoblins
  10 jackals
  7 kobolds
  A quokka (D:1)
  9 bats
  2 frilled lizards (D:1)
  A rat (D:1)
70 creatures vanquished.

Notes
Turn   | Place    | Note
-------+----------+-------------------------------------------
     0 | D:1      | seveneves the Minotaur Fighter began the quest for the Orb.
     0 | D:1      | Reached XP level 1. HP: 19/19 MP: 0/0
   156 | D:1      | Reached XP level 2. HP: 27/27 MP: 1/1
   472 | D:1      | Reached XP level 3. HP: 33/33 MP: 2/2
   683 | D:2      | Found an ornate altar of the Wu Jian Council.
   718 | D:2      | Became a worshipper of the Wu Jian Council
   975 | D:2      | Reached skill level 1 in Polearms
  1002 | D:2      | Reached XP level 4. HP: 33/41 MP: 3/3
  1071 | D:3      | Noticed Robin
  1073 | D:3      | Reached skill level 1 in Dodging
  1079 | D:3      | Reached * piety under Wu Jian
  1082 | D:3      | Killed Robin
  1180 | D:3      | Noticed Terence
  1190 | D:3      | Killed Terence
  1337 | D:3      | Noticed Grinder
  1338 | D:3      | Paralysed by Grinder for 4 turns
  1345 | D:3      | Killed from afar by Grinder

Illustrated notes

Levels and vault maps discovered:
D:1:      scummos_arrival_star, layout_basic, feat_on_display
D:2:      layout_loops_cross, basic_altar
D:3:      layout_loops_cross, uniq_crazy_yiuf_cottage, uniq_grinder, uniq_robin,
          uniq_terence

Skill      XL: |  1  2  3  4 |
---------------+-------------+-----
Armour         | 4 |  4.8
Fighting       | 4 |  4.4
Shields        | 4 |  4.4
Polearms       | 1 2 |  2.0
Dodging        | 1 |  1.4
Long Blades    | |  2.6

Action                   |  1- 3 |  4- 6 || total
-------------------------+-------+-------++-------
Melee: Long sword        |    16 |       ||    16
       Headbutt          |    20 |    15 ||    35
       Spear             |    93 |    63 ||   156
Invok: Lunge             |     1 |     2 ||     3
  Use: Scroll            |     4 |     2 ||     6
       Potion            |     1 |     1 ||     2
Armor: Scale mail        |    46 |    20 ||    66
Dodge: Dodged            |    31 |    17 ||    48
Block: Kite shield       |    58 |    27 ||    85
       Rpst.: Long sword |     1 |       ||     1
